[Event "Late-Titled-Tuesday-Blitz-April-23-2024"]
[Site "Chess.com"]
[Date "2024.04.23"]
[Round "7"]
[White "ChessGiantYouTube"]
[Black "Stanbad1"]
[Result "0-1"]
[WhiteElo "2349"]
[BlackElo "2597"]
[TimeControl "180+1"]
[EndTime "15:18:21 PDT"]
[Termination "Stanbad1 won on time"]

1. g3 Nf6 2. Bg2 g6 3. b3 Bg7 4.
Bb2 d6 5. d3 O-O 6. e3 c5 7.
Ne2 Qc7 8. Nd2 Nc6 9. h3 b6 10. a3 Bb7 11. e4 Rad8 12. Ra2 e6 13. O-O d5 14. Qa1 d4 15. f4 Ne8 16. Qe1 e5 17.
f5 Bh6 18. Bc1 b5 19. Nf3 Bxc1 20. Qxc1 f6 21. h4 c4 22. Bh3 Bc8 23. Ne1 Nd6 24. g4 Na5 25. b4 Nc6 26. Ng3 a5 27. bxa5 Qxa5 28. Qh6 Nf7 29. Qc1 Kg7 30. g5 fxg5 31.
hxg5 Nd6 32. Nf3 gxf5 33. Nh5+ Kh8 34. g6 Rg8 35. g7+ Rxg7+ 36. Nxg7 Rg8 37. Kh2 Rxg7 38.
Qh6 Qd8 39. Raa1 fxe4 40. Ng5 Bxh3 41. Rf6 Qg8 42. Rg1 Ne7 43. Nxh7 Qxh7 44. Rf8+ Ng8 45. Rxg8+ Rxg8 46. Qf6+ Rg7 47. Qd8+ Qg8 48. Qh4+ Qh7 49. Qf6 Bg2+ 0-1

[Event "Late-Titled-Tuesday-Blitz-April-23-2024"]
[Site "Chess.com"]
[Date "2024.04.23"]
[Round "7"]
[White "ChessSwole"]
[Black "Cambek64"]
[Result "0-1"]
[WhiteElo "2686"]
[BlackElo "2537"]
[TimeControl "180+1"]
[EndTime "15:18:22 PDT"]
[Termination "Cambek64 won by resignation"]

1. d4 c5 2. d5 e5 3. Nc3 d6 4.
e4 Nf6 5. Nf3 Be7 6. g3 O-O 7.
Bg2 Na6 8. O-O Nc7 9. a4 b6 10.
Ne1 a6 11. f4 Nd7 12. Nd3 Bf6 13. g4 exf4 14. Bxf4 Qe7 15. Qd2 Be5 16. Nxe5 Nxe5 17. h3 Bd7 18. Ne2 b5 19. a5 b4 20. Ng3 f6 21. Nh5 Bb5 22. Rf2 Rae8 23. b3 Rd8 24. Ng3 Bd7 25. Raf1 Nb5 26. g5 Nd4 27. Nh5 f5 28.
Be3 fxe4 29. Bxd4 cxd4 30. Rxf8+ Rxf8 31. Rxf8+ Kxf8 32. Bxe4 Bxh3 33. Kh2 Bg4 34. Nf4 Kg8 35.
Ng2 Bf3 36. Qxd4 Qxg5 37. Qe3 Ng4+ 0-1

[Event "Late-Titled-Tuesday-Blitz-April-23-2024"]
[Site "Chess.com"]
[Date "2024.04.23"]
[Round "7"]
[White "BardArtem"]
[Black "JG-17"]
[Result "0-1"]
[WhiteElo "2785"]
[BlackElo "2556"]
[TimeControl "180+1"]
[EndTime "15:18:23 PDT"]
[Termination "JG-17 won on time"]

1. e4 c5 2. Nf3 d6 3. Nc3 Nf6 4.
e5 dxe5 5. Nxe5 a6 6. g3 Qc7 7.
d4 e6 8. Bf4 Bd6 9. Bg2 O-O 10.
O-O Nbd7 11. Re1 Rd8 12. dxc5 Bxe5 13. Rxe5 Nxe5 14. Qe2 Nfd7 15. Ne4 f6 16. Rd1 Rf8 17. b4 a5 18. a3 axb4 19. axb4 Ra2 20. Nc3 Rb2 21. Nb5 Qb8 22. Nd4 Rxb4 23. Nxe6 Re8 24. Bd5 Kh8 25. Qh5 Re7 26. c3 Rb2 27. Kg2 Qa7 28.
Be3 Qa4 29. Nf4 Nf8 30. Re1 Qe8 0-1

[Event "Late-Titled-Tuesday-Blitz-April-23-2024"]
[Site "Chess.com"]
[Date "2024.04.23"]
[Round "7"]
[White "ImportedItalianMaple"]
[Black "Smoking_Crow"]
[Result "1/2-1/2"]
[WhiteElo "2459"]
[BlackElo "2596"]
[TimeControl "180+1"]
[EndTime "15:18:24 PDT"]
[Termination "Game drawn - insufficient material"]

1. e4 c6 2. d3 d5 3. Nd2 e5 4. Ngf3 Nd7 5. d4 exd4 6. Nxd4 Ngf6 7. Bd3 Be7 8. O-O Ne5 9. Re1 dxe4 10. Nxe4 Qxd4 11.
Nxf6+ Bxf6 12. c3 Qd8 13. f4 O-O 14. fxe5 Bg5 15. Bxg5 Qxg5 16. Qf3 Be6 17. Qe4 g6 18. c4 Rad8 19. Rad1 Bg4 20. Be2 Bf5 21. Qf3 Be6 22. b3 Qxe5 23. Qf2 Qa5 24. Bf3 Bf5 25. h3 h5 26. Kh2 Qc7+ 27. Qg3 Qxg3+ 28. Kxg3 Rde8 29. Kf4 Kg7 30. g4 hxg4 31. hxg4 Bc8 32. g5 f6 33. Rxe8 Rxe8 34. gxf6+ Kxf6 35. Rd6+ Be6 36. Kg3 Ke5 37.
Rd2 Rh8 38. Re2+ Kf6 39. Bg4 Bf5 40. Bxf5 gxf5 41. Rd2 Re8 42. Rd6+ Re6 43. Rd7 Re7 44. Rd6+ Kg5 45. Kf3 Rh7 46. Kg3 f4+ 47. Kg2 Kg4 48.
Rg6+ Kf5 49. Rg8 Rd7 50. Kf3 Rd3+ 51. Ke2 Rh3 52. Rg7 Ke4 53. Re7+ Kd4 54. Rxb7 Rh2+ 55.
Kf3 Rxa2 56. Kxf4 Kc3 57. Ke5 Rb2 58. Kd6 Rxb3 59. Rxb3+ Kxb3 60. c5 a5 61. Kxc6 a4 62.
Kb7 a3 63. c6 a2 64. c7 a1=Q 65. c8=Q Qh1+ 66. Qc6 Qxc6+ 67. Kxc6 1/2-1/2

[Event "Late-Titled-Tuesday-Blitz-April-23-2024"]
[Site "Chess.com"]
[Date "2024.04.23"]
[Round "7"]
[White "Iuckyducky"]
[Black "Crazy_girl99"]
[Result "0-1"]
[WhiteElo "2225"]
[BlackElo "2602"]
[TimeControl "180+1"]
[EndTime "15:18:24 PDT"]
[Termination "Crazy_girl99 won on time"]

1. e4 e5 2. Nf3 Nc6 3. Bb5 a6 4. Ba4 Nf6 5. O-O Nxe4 6. Re1 Nc5 7. Nxe5 Nxe5 8. Rxe5+ Be7 9. Bb3 Nxb3 10. axb3 d6 11. Re3 O-O 12. d4 Bf5 13. Nc3 c6 14. h3 Qd7 15. Rf3 d5 16. Bf4 Bf6 17. Be5 Bxe5 18.
dxe5 Rae8 19. Qd4 Bxc2 20. Na4 Qc7 21. Re1 Re7 22. Nc5 a5 23. e6 f5 24. Qh4 Rf6 25. Rg3 f4 26. Nd7 Rfxe6 27. Qxe7 Rxe7 28. Rxe7 fxg3 29. Nf6+ gxf6 30. Rxc7 gxf2+ 31. Kxf2 Bxb3 32.
Rxb7 a4 33. Ke3 c5 34. Kf4 d4 35. Kf5 Kf8 36. Kxf6 Ke8 37. Ke5 d3 38. Rb8+ Kd7 39. Rb7+ Kc6 0-1

[Event "Late-Titled-Tuesday-Blitz-April-23-2024"]
[Site "Chess.com"]
[Date "2024.04.23"]
[Round "7"]
[White "Sokoloco"]
[Black "dretch"]
[Result "1-0"]
[WhiteElo "2786"]
[BlackElo "2920"]
[TimeControl "180+1"]
[EndTime "15:18:29 PDT"]
[Termination "Sokoloco won on time"]

1. b3 e6 2. Bb2 d5 3. e3 Nf6 4. Nf3 Bb4 5. a3 Bd6 6. d4 Ne4 7. c4 c6 8. Nbd2 Nd7 9. Nxe4 dxe4 10. Ne5 Qc7 11. Nxd7 Bxd7 12. Qg4 Qa5+ 13. Kd1 O-O-O 14. Qxe4 f5 15. Qc2 c5 16. Be2 Bc6 17. Bf3 Bxf3+ 18. gxf3 cxd4 19. exd4 Be5 20. Qd2 Qb6 21. b4 Bxd4 22. Ke1 Bxb2 23. Qxb2 Rd4 24. c5 Qd8 25. Qb3 Qf6 26. Ke2 1-0

[Event "Late-Titled-Tuesday-Blitz-April-23-2024"]
[Site "Chess.com"]
[Date "2024.04.23"]
[Round "7"]
[White "Naruna_Chan"]
[Black "aranibos"]
[Result "1-0"]
[WhiteElo "2433"]
[BlackElo "2255"]
[TimeControl "180+1"]
[EndTime "15:18:32 PDT"]
[Termination "Naruna_Chan won by resignation"]

1. e4 c5 2. c3 d5 3. exd5 Qxd5 4. d4 cxd4 5. Nf3 Nf6 6. cxd4 Nc6 7. Nc3 Qa5 8. Bb5 Bd7 9. O-O e6 10. d5 exd5 11. Re1+ Be7 12. Qe2 Qd8 13. Bg5 Kf8 14. Bxf6 Bxf6 15. Nxd5 Nd4 16. Nxd4 Bxd4 17. Bxd7 Qxd7 18.
Rad1 Bc5 19. Nb6 Qxd1 20. Rxd1 Bxb6 21. Qe4 Re8 22. Qxb7 g6 23. h3 Kg7 24. Rd2 Rhf8 25. g3 Re6 26. Kg2 Rfe8 27. Rd7 Rf6 28. f4 Re2+ 29.
Kf3 Rf2+ 30. Kg4 h5+ 31. Kh4 Rxb2 32. Qd5 Rxf4+ 33. gxf4 Bf2+ 34. Kg5 Bh4+ 35. Kxh4 g5+ 36. Qxg5+ Kf8 37. Qe7+ 1-0

[Event "Late-Titled-Tuesday-Blitz-April-23-2024"]
[Site "Chess.com"]
[Date "2024.04.23"]
[Round "7"]
[White "Artem_Koval"]
[Black "rezamahdavi2008"]
[Result "0-1"]
[WhiteElo "2575"]
[BlackElo "2917"]
[TimeControl "180+1"]
[EndTime "15:18:35 PDT"]
[Termination "rezamahdavi2008 won on time"]

1. d4 Nf6 2. Nf3 b6 3. Bf4 Bb7 4. e3 Nh5 5. Bg5 h6 6. Bh4 g5 7.
Nfd2 Nf4 8. exf4 gxh4 9. h3 e6 10. Nf3 c5 11. dxc5 bxc5 12. Nc3 Qf6 13. Qd2 a6 14.
Ne5 h5 15. O-O-O d5 16. g3 d4 17. Rg1 dxc3 18. Qxc3 Bg7 19. Qb3 Qe7 20. gxh4 Bxe5 21. fxe5 Nc6 22. f4 Nd4 23. Qb6 Rc8 24. c3 Nb5 25. a4 Rc6 26. Bxb5 axb5 27. Qxb5 Qc7 28. Rd6 Ke7 29. Rgd1 Rb8 30. Rd7+ Qxd7 31. Rxd7+ Kxd7 32. Qd3+ Ke7 33. Qh7 Rcc8 34. Qxh5 Rg8 35. Qh6 Rg1+ 36. Kc2 Rg6 37. Qh7 Be4+ 0-1

[Event "Late-Titled-Tuesday-Blitz-April-23-2024"]
[Site "Chess.com"]
[Date "2024.04.23"]
[Round "7"]
[White "Casablanca"]
[Black "DrVelja"]
[Result "0-1"]
[WhiteElo "2695"]
[BlackElo "2969"]
[TimeControl "180+1"]
[EndTime "15:18:36 PDT"]
[Termination "DrVelja won by resignation"]

1. Nf3 Nf6 2. d4 d5 3. c4 e6 4.
Nc3 Nbd7 5. Bg5 Bb4 6. e3 h6 7. Bxf6 Qxf6 8. Qb3 Bxc3+ 9. Qxc3 c6 10. Be2 O-O 11. O-O b6 12. cxd5 exd5 13. Rac1 Bb7 14. Rfd1 Rab8 15. b4 Rbc8 16. Qa3 Rc7 17. Rc3 a5 18.
Rdc1 axb4 19. Qxb4 Ra8 20. a4 c5 21. Qb3 c4 22.
Qb4 Bc6 23. Ra3 Rca7 24. Rca1 Qd8 25. Nd2 Qf8 26. Qxf8+ Kxf8 27. Nb1 Rxa4 28. Rxa4 Rxa4 29. Rxa4 Bxa4 30. Nc3 Bc6 31. Bf3 Nf6 32. Kf1 Ke7 33. Ke2 Kd6 34. Kd2 g5 35. h3 h5 36. g3 Bd7 37. h4 gxh4 38. gxh4 Bg4 39. Bg2 Bd7 40. Na2 Ng4 41. Ke2 Nh6 42. Nb4 Bg4+ 43. Kd2 Be6 44. Bf3 Ng4 45. Bxg4 Bxg4 46. Ke1 Ke6 47.
Kf1 Bf3 48. Kg1 Kf5 49. Kh2 Kg4 50. Nc6 f6 51. Nb4 Kxh4 0-1

[Event "Late-Titled-Tuesday-Blitz-April-23-2024"]
[Site "Chess.com"]
[Date "2024.04.23"]
[Round "7"]
[White "Thjop"]
[Black "Jooonaaas1996"]
[Result "1-0"]
[WhiteElo "2570"]
[BlackElo "2422"]
[TimeControl "180+1"]
[EndTime "15:18:36 PDT"]
[Termination "Thjop won on time"]

1. e4 e5 2. Nf3 Nc6 3. Bc4 Nf6 4. d3 Be7 5. Nbd2 d6 6. c3 O-O 7. Bb3 a5 8. Nf1 Bd7 9. Ng3 b5 10. a4 b4 11. h3 Rb8 12. O-O Qc8 13. Kh2 Qb7 14. Bc4 Nd8 15. Qe2 c5 16. Nh4 Nxe4 17. Nxe4 Bxh4 18. Nxd6 Qc7 19. Ne4 Be6 20. Bb5 Be7 21.
Ng5 Bxg5 22. Bxg5 f6 23. Be3 Nf7 24. Kg1 Nd6 25. c4 Nf5 26. Rae1 Rbd8 27. f4 Bf7 28. fxe5 Nxe3 29. Qxe3 fxe5 30. Qxe5 Qc8 31. Re3 Kh8 32. Ref3 Bg6 33. Rxf8+ Rxf8 34. Rxf8+ Qxf8 35. d4 cxd4 36. Qxd4 h6 37. c5 1-0

[Event "Late-Titled-Tuesday-Blitz-April-23-2024"]
[Site "Chess.com"]
[Date "2024.04.23"]
[Round "7"]
[White "SidArun"]
[Black "Boorchess"]
[Result "0-1"]
[WhiteElo "2340"]
[BlackElo "2521"]
[TimeControl "180+1"]
[EndTime "15:18:37 PDT"]
[Termination "Boorchess won by checkmate"]

1. d4 Nf6 2. Nc3 d5 3. Bf4 a6 4. e3 c5 5. dxc5 Nc6 6. a3 g6 7. Nf3 Bg7 8. Nd4 O-O 9. Nxc6 bxc6 10. Be5 Bh6 11. b4 Nd7 12. Bf4 Bg7 13. Qd2 a5 14. Rb1 axb4 15. axb4 Ra3 16. Nd1 e5 17. Bg3 f5 18. Be2 g5 19. h4 f4 20. Bh2 Nf6 21. Qc1 Ra7 22. hxg5 Ne4 23. exf4 exf4 24. Bxf4 Raf7 25.
g3 Re7 26. Kf1 d4 27. Bc4+ Be6 28. Bxe6+ Rxe6 29. Rb3 Qd5 30. Rh5 Rfe8 31. f3 Nf6 32. Rh2 Re1+ 33. Kg2 Ng4 34. Rd3 R8e2+ 35. Kh3 Rxh2+ 36.
Kxg4 Qe6# 0-1

[Event "Late-Titled-Tuesday-Blitz-April-23-2024"]
[Site "Chess.com"]
[Date "2024.04.23"]
[Round "7"]
[White "Naoki"]
[Black "Vladimir_2020"]
[Result "1-0"]
[WhiteElo "2571"]
[BlackElo "2761"]
[TimeControl "180+1"]
[EndTime "15:18:39 PDT"]
[Termination "Naoki won by resignation"]

1. e4 e5 2. Nf3 Nc6 3. Bb5 Nf6 4. O-O Nxe4 5. d4 Nd6 6. dxe5 Nxb5 7. a4 d6 8. e6 Bxe6 9. axb5 Ne5 10. Nd4 Be7 11.
Re1 O-O 12. f4 Nc4 13. b3 Nb6 14. Nc3 Bf6 15. Ne4 Bxd4+ 16. Qxd4 Bf5 17. Bb2 f6 18. c4 Qd7 19. Ng3 Rae8 20. Rxe8 Rxe8 21. Rxa7 Qe6 22. Bc3 Bc2 23. Rxb7 Bxb3 24. Rxc7 Nxc4 25. b6 d5 26. b7 Ba4 27. Qc5 Bd7 28. f5 Qf7 29. Rc8 Bxc8 30.
bxc8=Q h5 31. Qxe8+ Qxe8 32. Qxd5+ 1-0

[Event "Late-Titled-Tuesday-Blitz-April-23-2024"]
[Site "Chess.com"]
[Date "2024.04.23"]
[Round "7"]
[White "HajiyevKanan"]
[Black "AlexeiShirov"]
[Result "0-1"]
[WhiteElo "2615"]
[BlackElo "2808"]
[TimeControl "180+1"]
[EndTime "15:18:40 PDT"]
[Termination "AlexeiShirov won on time"]

1. d4 d5 2. Nf3 Nf6 3. c4 c6 4. cxd5 cxd5 5. Nc3 Nc6 6. Bg5 Ne4 7. Bf4 Nxc3 8. bxc3 g6 9. e3 Bg7 10. Bd3 O-O 11. O-O Bg4 12. h3 Bxf3 13. Qxf3 Rc8 14. e4 e5 15. dxe5 Nxe5 16. Bxe5 Bxe5 17. exd5 Rxc3 18. Rac1 Rxc1 19. Rxc1 Bd6 20. Rb1 Qc7 21. Qe4 Rc8 22. h4 h5 23. Qe3 b6 24. Ba6 Rd8 25.
Bb5 Qc2 26. Qb3 Qf5 27. Qd3 Qe5 28. g3 Bc5 29. Bc6 Rd6 30. Kg2 Rf6 31. Rf1 Qb2 32. a4 Rxf2+ 33. Rxf2 Qxf2+ 34. Kh3 Bd6 35. Qc3 Qf1+ 36.
Kh2 Qf2+ 37. Kh3 Kh7 38. Qd3 Kh6 39. Bb5 f6 40. Bc6 g5 41. hxg5+ fxg5 0-1

[Event "Late-Titled-Tuesday-Blitz-April-23-2024"]
[Site "Chess.com"]
[Date "2024.04.23"]
[Round "7"]
[White "Rodalquilar"]
[Black "rhungaski"]
[Result "0-1"]
[WhiteElo "2734"]
[BlackElo "2522"]
[TimeControl "180+1"]
[EndTime "15:18:40 PDT"]
[Termination "rhungaski won by checkmate"]

1. d4 g6 2. e4 Bg7 3. Nc3 d6 4. f4 a6 5. Nf3 b5 6. Bd3 Nd7 7. a4 b4 8. Ne2 c5 9. e5 Nh6 10.
Ng3 O-O 11. O-O Qc7 12. Qe2 cxd4 13. e6 Nc5 14. exf7+ Kh8 15. f5 Nxf5 16. Bxf5 Bxf5 17. Nxf5 gxf5 18. Ng5 h6 19. Qh5 Ne4 20. Ne6 Qc4 21.
Nxg7 Rxf7 22. Nxf5 Nf6 23. Qxh6+ Rh7 24. Qf4 Rg8 25.
Qxd4 Qxc2 26. Be3 Qxg2# 0-1

[Event "Late-Titled-Tuesday-Blitz-April-23-2024"]
[Site "Chess.com"]
[Date "2024.04.23"]
[Round "7"]
[White "TheAlienParty"]
[Black "malakismayil"]
[Result "1-0"]
[WhiteElo "2445"]
[BlackElo "2573"]
[TimeControl "180+1"]
[EndTime "15:18:40 PDT"]
[Termination "TheAlienParty won on time"]

1. c4 e5 2. Nc3 Nf6 3. Nf3 Nc6 4. e4 Bc5 5. Nxe5 Nxe5 6. d4 Bd6 7. f4 Ng6 8. e5 O-O 9. exd6 cxd6 10. d5 b5 11. Nxb5 Ba6 12. a4 Ne4 13. Qd3 Re8 14. Be2 Qh4+ 15. g3 Qh3 16. Qf3 Bxb5 17. axb5 Nf6 18. Be3 Re4 19. Rxa7 Rae8 20. Ra3 h5 21. Kd2 Ng4 22.
Bf1 Rxe3 23. Rxe3 Rxe3 24. Qxe3 Nxe3 25. Bxh3 Nxc4+ 26. Kc3 Nb6 27. Kd4 Ne7 28. Bg2 Nf5+ 29. Kd3 h4 30. Be4 Ne7 31. gxh4 f5 32. Bf3 Kf7 33. h5 Kf6 34. Ra1 Nec8 35. Ra6 Ke7 36.
Kd4 Kd8 37. b4 Kc7 38. Ra2 Kd8 39. Rg2 Ke7 40. Rxg7+ Kf6 41. h6 Ne7 42. Rg1 Nbc8 43.
h7 1-0

[Event "Late-Titled-Tuesday-Blitz-April-23-2024"]
[Site "Chess.com"]
[Date "2024.04.23"]
[Round "7"]
[White "rynos0411"]
[Black "Hirna2005"]
[Result "1-0"]
[WhiteElo "2514"]
[BlackElo "2341"]
[TimeControl "180+1"]
[EndTime "15:18:40 PDT"]
[Termination "rynos0411 won by resignation"]

1. e4 g6 2. d4 Bg7 3. Nc3 d6 4. Be3 a6 5. Qd2 b5 6. Nf3 Nd7 7. h4 Ngf6 8. a3 Ng4 9. Bf4 e5 10. Bg3 h5 11. dxe5 dxe5 12. Be2 Qe7 13. Nd5 Qd6 14. Qa5 Nb6 15. Rd1 Nxd5 16. Rxd5 Qc6 17. Nxe5 Nxe5 18. Bxe5 O-O 19. Bxg7 Kxg7 20. Qd2 Be6 21. Rd4 Qb7 22. O-O c5 23. Rd6 Qxe4 24. Bf3 Qxh4 25. Bxa8 Rxa8 26. Qc3+ Kh7 27. Qxc5 Rc8 28.
Qe5 Rxc2 29. Rxa6 Rc8 30. Ra7 Bc4 31. Rc1 Rd8 32. a4 Qg4 33. Qg3 Rd1+ 34. Rxd1 Qxd1+ 35. Kh2 bxa4 36. Ra8 Be6 37. Qe5 f6 38. Qxe6 Qd6+ 39. Qxd6 1-0

[Event "Late-Titled-Tuesday-Blitz-April-23-2024"]
[Site "Chess.com"]
[Date "2024.04.23"]
[Round "7"]
[White "platy3"]
[Black "manitodeplomo"]
[Result "1-0"]
[WhiteElo "2877"]
[BlackElo "2663"]
[TimeControl "180+1"]
[EndTime "15:18:41 PDT"]
[Termination "platy3 won by resignation"]

1. e4 Nf6 2. e5 Nd5 3. d4 d6 4.
c4 Nb6 5. exd6 cxd6 6. Nc3 e5 7.
Nf3 Bg4 8. dxe5 Nc6 9. h3 Bh5 10. g4 Bg6 11. Bg5 Qb8 12. exd6 Bxd6 13. Qe2+ Kf8 14. Bg2 f6 15. Be3 Bf4 16. O-O Bxe3 17. Qxe3 h5 18. g5 h4 19. Nd5 Nxc4 20. Qc5+ Nd6 21. gxf6 gxf6 22. Nxf6 Kf7 23. Nd7 Qc7 24.
Nde5+ Kg7 25. Nxg6 Kxg6 26. Ne5+ Kg7 27. Rad1 Rh6 28.
Rfe1 Re8 29. Nxc6 Rxe1+ 30. Rxe1 bxc6 31. Qg5+ Rg6 32. Re7+ Kf8 33. Rxc7 Rxg5 34. Rxc6 Nf7 35. Kf1 a5 36. Rc4 Rb5 37. b3 Rb4 38. Rxb4 axb4 39.
Ke2 Ke7 40. Kd3 Ng5 41. Kc4 Ne6 42. Kxb4 Nf4 43. Bf1 Kd6 44. a4 Kc7 45. Kc5 Nxh3 46. Bxh3 1-0

[Event "Late-Titled-Tuesday-Blitz-April-23-2024"]
[Site "Chess.com"]
[Date "2024.04.23"]
[Round "7"]
[White "traack"]
[Black "rhwr"]
[Result "1-0"]
[WhiteElo "2455"]
[BlackElo "2297"]
[TimeControl "180+1"]
[EndTime "15:18:42 PDT"]
[Termination "traack won by resignation"]

1. e4 c5 2. Nf3 d6 3. d4 cxd4 4. Nxd4 Nf6 5. Nc3 e5 6. Nb3 Be6 7. g3 Be7 8. Bg2 O-O 9. O-O Nbd7 10. Bg5 Bc4 11. Re1 b5 12. Bxf6 Nxf6 13. Nd2 Qc7 14. Nxc4 bxc4 15. Nd5 Nxd5 16. Qxd5 Rab8 17. b3 cxb3 18.
axb3 Qxc2 19. Rxa7 Bf6 20. Bf1 Qxb3 21. Bc4 Qb6 22.
Rxf7 Rxf7 23. Qxf7+ Kh8 24. Ra1 h6 25. Be6 Qd4 26. Re1 Qd2 27. Re3 Bg5 28. Rf3 Qe2 29. Kg2 Bf6 30. Qg6 Rd8 31. Rxf6 Qxe4+ 32. Qxe4 gxf6 33. Qg6 1-0

[Event "Late-Titled-Tuesday-Blitz-April-23-2024"]
[Site "Chess.com"]
[Date "2024.04.23"]
[Round "7"]
[White "zacachess"]
[Black "ccccvhhhj"]
[Result "0-1"]
[WhiteElo "2314"]
[BlackElo "2466"]
[TimeControl "180+1"]
[EndTime "15:18:43 PDT"]
[Termination "ccccvhhhj won on time"]

1. e4 e6 2. d4 d5 3. Nc3 Bb4 4. Ne2 Nc6 5. exd5 exd5 6. a3 Ba5 7. b4 Bb6 8. Na4 Nf6 9. g3 Bg4 10. Nc5 Bf3 11. Rg1 Bxc5 12. dxc5 O-O 13. Bg2 Ne5 14.
Bb2 Bxg2 15. Rxg2 Nf3+ 16. Kf1 Ne4 17. Bc1 Qf6 18. Rb1 c6 19. Nf4 Nc3 20. Bb2 Ng5 21. Qd3 d4 22. f3 Rad8 23. Rd2 Ne6 24. Ne2 Nb5 25. Kg2 h6 26. Re1 h5 0-1

[Event "Late-Titled-Tuesday-Blitz-April-23-2024"]
[Site "Chess.com"]
[Date "2024.04.23"]
[Round "7"]
[White "MatthewG-p4p"]
[Black "JoakimVonAnd"]
[Result "0-1"]
[WhiteElo "2906"]
[BlackElo "2725"]
[TimeControl "180+1"]
[EndTime "15:18:44 PDT"]
[Termination "JoakimVonAnd won by resignation"]

1. e4 c6 2. d4 d5 3. exd5 cxd5 4.
Bd3 Nc6 5. c3 Qc7 6. h3 e6 7. Nf3 Bd6 8. O-O Nf6 9. Re1 O-O 10. Bg5 Nd7 11. Na3 a6 12. Nc2 b5 13.
a4 b4 14. c4 dxc4 15. Bxc4 h6 16. Be3 Bb7 17. Rc1 Ne7 18. Bd3 Qa5 19. b3 Rac8 20.
Nd2 Bb8 21. Nc4 Qc7 22. f4 Nd5 23. Ne5 Nxe3 24. Nxe3 Qxc1 25. Qxc1 Rxc1 26. Rxc1 Nf6 27. Kf1 Rd8 28. Rc4 a5 29. Nc6 Bxc6 30. Rxc6 Bxf4 31.
Nc4 g6 32. Nxa5 Rxd4 33. Bc4 Re4 34. Kf2 Re3 35. g4 Ne4+ 36. Kg2 Rg3+ 37. Kf1 Rxh3 38. Nb7 Rh2 39. a5 Nd2+ 40. Ke1 Nf3+ 41. Kf1 Be3 0-1

[Event "Late-Titled-Tuesday-Blitz-April-23-2024"]
[Site "Chess.com"]
[Date "2024.04.23"]
[Round "7"]
[White "ChadBiryani"]
[Black "biostatistician"]
[Result "0-1"]
[WhiteElo "2475"]
[BlackElo "2744"]
[TimeControl "180+1"]
[EndTime "15:18:45 PDT"]
[Termination "biostatistician won on time"]

1. d4 Nf6 2. Bg5 Ne4 3. Bf4 d5 4. e3 Bf5 5. g4 Bg6 6. h4 h5 7. g5 e6 8. Bd3 Bd6 9. Nh3 Bf5 10.
Bxd6 Nxd6 11. Nf4 g6 12. Nd2 Nc6 13. c3 Qe7 14. a4 O-O 15. Nf3 Ne4 16. O-O Rad8 17.
Ne5 Nxe5 18. dxe5 c5 19. f3 Ng3 20. Bxf5 Nxf5 21. Qe1 Qc7 22. e4 Ne7 23. Nd3 c4 24.
Nb4 Qxe5 25. f4 Qc7 26. Kg2 dxe4 27. Qxe4 Nf5 28. Kh3 Rd2 29. Rad1 Rfd8 30. Rxd2 Rxd2 31. a5 Rxb2 32. Rd1 Rb3 33. a6 Rxc3+ 34. Kh2 bxa6 35.
Nxa6 Qb6 36. Qa8+ Kh7 37. Rd2 Qe3 0-1

[Event "Late-Titled-Tuesday-Blitz-April-23-2024"]
[Site "Chess.com"]
[Date "2024.04.23"]
[Round "7"]
[White "Durarbayli"]
[Black "xberli"]
[Result "1-0"]
[WhiteElo "2907"]
[BlackElo "2620"]
[TimeControl "180+1"]
[EndTime "15:18:48 PDT"]
[Termination "Durarbayli won by resignation"]

1. d4 Nf6 2. c4 g6 3. Nf3 Bg7 4. g3 O-O 5. Bg2 c6 6. Nc3 d5 7.
cxd5 cxd5 8. Ne5 Ne4 9. Qb3 Nc6 10. Qxd5 Qxd5 11. Nxd5 Nxd4 12. Nxe7+ Kh8 13. Bxe4 Bxe5 14. Be3 Bh3 15. Rd1 Rad8 16. Nd5 Nc6 17. b4 a6 18. f4 Bg7 19. Kf2 Be6 20. a3 Rd7 21. Nb6 Rxd1 22.
Rxd1 Bb2 23. Bxc6 bxc6 24. Bd4+ Bxd4+ 25. Rxd4 Rb8 26. Na4 Bd5 27. e4 Bb3 28. Nc5 Ba2 29. Ke3 a5 30. bxa5 Rb5 31. a6 Rxc5 32. a7 Ra5 33. Rd8+ Kg7 34. a8=Q 1-0

[Event "Late-Titled-Tuesday-Blitz-April-23-2024"]
[Site "Chess.com"]
[Date "2024.04.23"]
[Round "7"]
[White "JSPrepz"]
[Black "whiteglovethief"]
[Result "0-1"]
[WhiteElo "2786"]
[BlackElo "2599"]
[TimeControl "180+1"]
[EndTime "15:18:50 PDT"]
[Termination "whiteglovethief won by checkmate"]

1. e4 e6 2. d4 d5 3. e5 c5 4.
c3 Nc6 5. Nf3 Bd7 6. Bd3 cxd4 7.
cxd4 Nge7 8. O-O Nf5 9. Bxf5 exf5 10. Nc3 Be6 11. Kh1 Be7 12. Ne2 g5 13. a3 f4 14.
b4 Bg4 15. Nfg1 a6 16. Qb3 h5 17. Bb2 Be6 18. Rac1 h4 19. h3 Qb6 20. Rfd1 O-O-O 21. Nc3 Kb8 22. Na4 Qb5 23. Nc5 Bxc5 24. Rxc5 Qb6 25.
Rdc1 g4 26. hxg4 Bxg4 27. Nh3 f3 28. Nf4 fxg2+ 29. Kh2 Be6 30. Qd3 h3 31. Bc3 Rdg8 32. b5 Nxe5 33. dxe5 Qxc5 34. Rg1 Qxf2 35. Ne2 Bg4 36.
e6 Bxe2 37. Be5+ Ka8 38. Qxd5 Qxg1+ 39. Kxg1 h2+ 40. Bxh2 Rxh2 41. bxa6 Rh1+ 42. Kf2 g1=Q+ 43. Kxe2 Qe1+ 44. Kf3 Rf1# 0-1

[Event "Late-Titled-Tuesday-Blitz-April-23-2024"]
[Site "Chess.com"]
[Date "2024.04.23"]
[Round "7"]
[White "Indefatigable11"]
[Black "MuhittinBuker"]
[Result "1/2-1/2"]
[WhiteElo "2396"]
[BlackElo "2176"]
[TimeControl "180+1"]
[EndTime "15:18:50 PDT"]
[Termination "Game drawn by repetition"]

1. d4 Nf6 2. c4 e6 3. Nc3 Bb4 4. e3 b6 5. Bd2 Bb7 6. Nf3 O-O 7. Bd3 d6 8. O-O Nbd7 9. Qe2 e5 10.
e4 Re8 11. d5 h6 12. a3 Bxc3 13. Bxc3 a5 14. b4 axb4 15. axb4 Nf8 16. Rxa8 Qxa8 17. Ra1 Qc8 18. c5 bxc5 19. bxc5 Qg4 20. c6 Bc8 21. Ra7 Re7 22. h3 Qh5 23. Ba5 Ne8 24. Nd2 Qg5 25. Kh2 Ng6 26. g3 f5 27. Ra8 fxe4 28.
Nxe4 Qf5 29. Nf6+ Qxf6 30. Rxc8 e4 31. Bxe4 Ne5 32. f4 Nf7 33. Bxc7 Qd4 34. Bh7+ Kxh7 35. Qxe7 Qf2+ 36. Kh1 Qf1+ 37. Kh2 Qf2+ 38. Kh1 Qf1+ 39.
Kh2 Qf2+ 1/2-1/2

[Event "Late-Titled-Tuesday-Blitz-April-23-2024"]
[Site "Chess.com"]
[Date "2024.04.23"]
[Round "7"]
[White "MarlonJodar"]
[Black "Smiechu"]
[Result "0-1"]
[WhiteElo "2264"]
[BlackElo "2442"]
[TimeControl "180+1"]
[EndTime "15:18:51 PDT"]
[Termination "Smiechu won by resignation"]

1. e4 c5 2. Nf3 g6 3. d4 cxd4 4. Nxd4 Nc6 5. Nc3 Bg7 6. Be3 Nf6 7. Bc4 O-O 8. Bb3 d6 9. f3 Bd7 10. Qd2 Rc8 11. O-O-O Nxd4 12. Bxd4 b5 13. Bxa7 Qa5 14. Bd4 b4 15. Nd5 Nxd5 16. Bxg7 Kxg7 17. Qxd5 Rc5 18. Qd4+ Kg8 19. Kb1 Ba4 20. Bxa4 Qxa4 21. b3 Qa5 22. Qb2 Rfc8 23. Rd2 Qc7 24. Rhd1 Ra8 25. Rd4 Qb6 26. h4 h5 27. Rd5 Raa5 28. Rxc5 Rxc5 29. Qd4 Qc7 30. Rd2 Qa5 31. a4 bxa3 32. Ka2 Qc7 33. c4 Qa5 34. Rc2 Qb4 35. Qc3 Qb8 36. b4 Rc7 37. c5 dxc5 38. bxc5 Rc6 39. Qb3 Qc7 40. Qd5 e6 41. Qd4 Qb7 42. e5 Qb5 43. Qc4 Qb7 44.
Rd2 Kh7 45. Rc2 Qa7 46. Qd4 Qa5 47. Qc3 Qd8 48. Rd2 Qxh4 49. Qd4 Qxd4 50. Rxd4 Rxc5 51.
Kxa3 Rxe5 52. Rf4 Kg7 53. Kb4 Rg5 54. g4 hxg4 55. fxg4 Rd5 56. Kc4 Rd8 57. Rf1 f5 58.
gxf5 exf5 0-1

[Event "Late-Titled-Tuesday-Blitz-April-23-2024"]
[Site "Chess.com"]
[Date "2024.04.23"]
[Round "7"]
[White "GianmarcoVaR"]
[Black "andrew-blr"]
[Result "0-1"]
[WhiteElo "2801"]
[BlackElo "2637"]
[TimeControl "180+1"]
[EndTime "15:18:52 PDT"]
[Termination "andrew-blr won by resignation"]

1. e4 c5 2. Nf3 e6 3. d4 cxd4 4. Nxd4 Bc5 5. Nb3 Bb6 6. Nc3 Ne7 7. Na4 Bc7 8. Be3 O-O 9. Nc3 f5 10. Be2 fxe4 11. Nxe4 d5 12. Ng3 e5 13. c3 Nbc6 14. O-O b6 15. a4 Bb7 16. Bg4 Kh8 17. Qe2 Ng6 18. Rad1 Nf4 19. Bxf4 Rxf4 20. Be6 Ne7 21. a5 bxa5 22. Nc5 Bc6 23. Rfe1 Qd6 24. Nd3 Rf6 25. Qxe5 Qxe5 26. Nxe5 Rxe6 27. Nf7+ Kg8 28. Rxe6 Kxf7 29. Rde1 Bd8 30. Nf5 Nxf5 31. Rxc6 Rb8 32. Re2 d4 33. Ra6 dxc3 34. g4 cxb2 35. Rxa7+ Ne7 36. Re1 b1=Q 0-1